 Dungeon Crawl Stone Soup version 0.26-a0-37-g50178cf (webtiles) character file.

Game seed: 3745932249031274516, levelgen mode: deterministic

83 Illumine the Magician (level 4, -3/25 HPs)
             Began as a Deep Elf Fire Elementalist on May 30, 2020.
             Slain by Sigmund
             ... wielding a +5 scythe of flaming
              (4 damage)
             ... on level 3 of the Dungeon.
             The game lasted 00:03:46 (2070 turns).

Illumine the Magician (Deep Elf Fire Elementalist)  Turns: 2070, Time: 00:03:47

Health: -3/25      AC:  2    Str:  5    XL:     4   Next: 22%
Magic:  10/11      EV: 13    Int: 21    God:
Gold:   89         SH:  0    Dex: 15    Spells: 6/10 levels left

rFire    . . .     SeeInvis .   f - +1 short sword (venom)
rCold    . . .     Gourm    .   (no shield)
rNeg     . . .     Faith    .   a - +0 robe
rPois    .         Spirit   .   (no helmet)
rElec    .         Reflect  .   (no cloak)
rCorr    .         Harm     .   (no gloves)
MR       .....                  (no boots)
Stlth    ++........             (no amulet)
HPRegen  0.08/turn              (no ring)
MPRegen  0.12/turn              (no ring)

@: no status effects
A: no striking features
a: no special abilities


You were on level 3 of the Dungeon.
You were not hungry.

You visited 1 branch of the dungeon, and saw 3 of its levels.

You collected 89 gold pieces.

Inventory:

Hand Weapons
 d - a +0 dagger
 f - a +1 short sword of venom (weapon)
 g - a +0 short sword
Armour
 a - a +0 robe (worn)
Jewellery
 p - an uncursed ring of fire
 r - an uncursed ring of protection from cold {unknown}
Scrolls
 e - 6 scrolls of remove curse {unknown}
 i - 2 scrolls of identify {unknown}
 j - a scroll of teleportation {unknown}
 k - a scroll of amnesia {unknown}
 l - 3 scrolls of enchant armour {unknown}
Potions
 b - 5 potions of haste {unknown}
 h - a potion of curing {unknown}
 m - a potion of brilliance {unknown}
 n - a potion of heal wounds {unknown}
 o - a potion of berserk rage {unknown}
Comestibles
 c - 6 rations
 q - a chunk of flesh


   Skills:
 + Level 1.1 Fighting
 + Level 3.1 Dodging
 - Level 2.4 Stealth
 + Level 3.9 Spellcasting
 + Level 2.1 Conjurations
 + Level 3.8 Fire Magic


You had 6 spell levels left.
You knew the following spells:

 Your Spells              Type           Power        Failure   Level  Hunger
a - Foxfire               Conj/Fire      ###.         3%          1    None
b - Conjure Flame         Conj/Fire      ###.....     11%         3    ###....

Your spell library contained the following spells:

 Spells                   Type           Power        Failure   Level  Hunger
 Inner Flame              Hex/Fire       ##......     16%         3    ###....
 Sticky Flame             Conj/Fire      ###.....     34%         4    ####...
 Confusing Touch          Hex            #.......     36%         3    ###....
 Gell's Gravitas          Tloc           #.........   36%         3    ###....
 Fireball                 Conj/Fire      ###.......   67%         5    ######.
 Petrify                  Tmut/Erth      #.......     77%         4    ####...
 Metabolic Englaciation   Hex/Ice        #.........   98%         5    ######.
 Yara's Violent Unravell  Hex/Tmut       #.........   98%         5    ######.


Dungeon Overview and Level Annotations

Branches:
Dungeon (3/15)

Altars:

Annotations:
D:3 Sigmund


Message History

There is a stone staircase leading up here.
The helpless Sigmund fails to defend himself.
You puncture Sigmund!
Sigmund is moderately wounded.
Sigmund barely misses you.
Casting: Foxfire (safe; 3% risk of failure)
Confirm with . or Enter, or press ? or * to list all spells.
You conjure some foxfire!
You barely miss Sigmund.
Sigmund is moderately wounded.
The foxfire hits Sigmund.
Sigmund is moderately wounded.
Sigmund zaps a wand.
The puff of flame hits you!
You barely miss Sigmund.
Sigmund is moderately wounded.
Sigmund hits you with a +5 scythe of flaming!
Ouch! That really hurt!
* * * LOW HITPOINT WARNING * * *
Sigmund burns you.
You die...

#.. #.#
#.# #.#
#.# #.#
#v# #@#
#@......(
###.#####
.# #


You could see Sigmund.

Vanquished Creatures
  2 adders (D:2)
  2 oozes (D:2)
  A worm (D:2)
  3 dart slugs (D:1)
  2 leopard geckos
  3 bats
  3 giant cockroaches
  6 goblins
  5 hobgoblins
  5 frilled lizards
  7 kobolds
  7 rats
46 creatures vanquished.

Vanquished Creatures (others)
  118 foxfires
118 creatures vanquished.

Grand Total: 164 creatures vanquished

Notes
Turn   | Place    | Note
-------+----------+-------------------------------------------
     0 | D:1      | Illumine the Deep Elf Fire Elementalist began the quest for
                  | the Orb.
     0 | D:1      | Reached XP level 1. HP: 10/10 MP: 6/6
   241 | D:1      | Reached XP level 2. HP: 15/15 MP: 5/8
   876 | D:1      | Reached XP level 3. HP: 20/20 MP: 7/10
  1056 | D:1      | Learned a level 3 spell: Conjure Flame
  1347 | D:2      | Reached skill level 1 in Fighting
  1673 | D:2      | Reached XP level 4. HP: 18/25 MP: 7/11
  2066 | D:3      | Noticed Sigmund
  2070 | D:3      | HP: 1/25 [Sigmund/+5 scythe of flaming (13)]
  2070 | D:3      | Slain by Sigmund

Illustrated notes

Levels and vault maps discovered:
D:1:      minmay_arrival_three_doors, layout_basic, minmay_tetromino_o4
D:2:      layout_loops_ring, first_ration, hangedman_decor_clover_reticule
D:3:      minmay_chambers_of_threes, layout_loops_ring,
          nicolae_overflow_crystal_walls, uniq_sigmund

Skill      XL: |  1  2  3 |
---------------+----------+-----
Fighting       | 1 |  1.1
Dodging        | 3 |  3.1
Conjurations   | 2 |  2.1
Stealth        | |  2.4
Spellcasting   | |  3.9
Fire Magic     | |  3.8

Action                   |  1- 3 |  4- 6 || total
-------------------------+-------+-------++-------
Melee: Short sword       |     8 |     9 ||    17
 Cast: Foxfire           |    73 |     6 ||    79
 Stab: Sleeping          |       |     1 ||     1
  Eat: Chunk             |     2 |     1 ||     3
Armor: Robe              |     3 |     2 ||     5
Dodge: Dodged            |     8 |     5 ||    13

Table legend:
 A = Non-vault XP
 B = Vault XP
 C = Vault XP percentage of total XP
 D = Non-vault monster count
 E = Vault monster count
 F = Vault count percentage of total count
                 A         B        C        D         E       F
            +---------+---------+-------+---------+---------+-------
      Total |     115 |       4 |   3.4 |      43 |       3 |   6.5
            +---------+---------+-------+---------+---------+-------
        D:1 |      44 |       4 |   8.3 |      21 |       3 |  12.5
        D:2 |      71 |       0 |   0.0 |      22 |       0 |   0.0
            +---------+---------+-------+---------+---------+-------
